AoeStats
← JRazzz

Socotra

505259408Analyzed
4v4 RM · 24d ago on Sep 8, 2026· 18m 54s· 8 players
Game mode
Random Map
Map size
148×148
Population
200
Speed
Normal
Resources
Standard
Victory
Conquest
Starting age
Dark Age
Ending age
Imperial Age
RankedLock teamsTeams togetherTeam positionsShared explorationLock speedFull tech treeHidden civsTurbo modeCheats
Victory
Defeat
🇪🇸 Maya · Spain
1378
+12
🇪🇸 Magyars · Spain
1331
+14
🇳🇿 Huns · New Zealand
1306
+15
🇧🇷 Turks · Brazil
1249
+17
🇬🇧 Magyars · United Kingdom
1312
-16
🇺🇦 Ethiopians · Ukraine
1287
-15
🇺🇸 Jurchens · United States
1282
-14
🇺🇸 Khmer · United States
1257
-13
andulas97
6:58 Loom
10:01 Feudal Age
11:08 Double-Bit Axe
Thadu123
7:06 Loom
10:34 Feudal Age
13:46 Castle Age
11:44 Double-Bit Axe
11:50 Horse Collar
JRazzz
6:32 Loom
9:21 Feudal Age
9:53 Double-Bit Axe
11:12 Horse Collar
Skyle
0:26 Loom
12:23 Feudal Age
13:23 Horse Collar
Gandalff
5:38 Loom
9:51 Feudal Age
17:49 Scale Barding Armor
18:19 Double-Bit Axe
18:25 Horse Collar
ReyCocobolo
0:26 Loom
10:45 Feudal Age
11:35 Double-Bit Axe
13:31 Fletching
15:39 Padded Archer Armor
17:43 Horse Collar
HighLanderGhost
6:05 Loom
6:55 Loom
9:37 Feudal Age
10:04 Double-Bit Axe
10:19 Horse Collar
15:10 Wheelbarrow
BuBoNiCa
8:33 Loom
11:00 Feudal Age
12:03 Man-at-Arms
14:09 Arson
Connection lost

Rejoining the realm…

Still unreachable

The connection could not be restored.

Session expired

The server has moved on; the page needs a fresh start.